 Dungeon Crawl Stone Soup version 0.27-a0-1200-g94dc6ad4cf (webtiles) character file.

Game seed: 14781853329230420911

1 polve the Skirmisher (level 1, 0/18 HPs)
             Began as a Demonspawn Abyssal Knight on May 30, 2021.
             Was a Follower of Lugonu.
             Slain by a quokka (2 damage)
             ... on level 1 of the Dungeon.
             The game lasted 00:00:40 (394 turns).

polve the Skirmisher (Demonspawn Abyssal Knight)     Turns: 394, Time: 00:00:41

Health: 0/18       AC:  3    Str: 12    XL:     1   Next: 16%
Magic:  2/2        EV: 11    Int: 13    God:    Lugonu [*.....]
Gold:   20         SH:  0    Dex: 12    Spells: 0/0 levels left

rFire    . . .     SeeInvis .   a - +1 short sword
rCold    . . .     Faith    .   (no shield)
rNeg     . . .     Spirit   .   b - +0 leather armour
rPois    .         Reflect  .   (no helmet)
rElec    .         Harm     .   (no cloak)
rCorr    .         Rampage  .   (no gloves)
Will     .....                  (no boots)
Stlth    +.........             (no amulet)
HPRegen  0.06/turn              (no ring)
MPRegen  0.08/turn              (no ring)

@: no status effects
A: no striking features
a: Renounce Religion, Depart the Abyss


You were on level 1 of the Dungeon.
You worshipped Lugonu.
Lugonu was aware of your devotion.
You visited 1 branch of the dungeon, and saw 1 of its levels.
You visited the Abyss 1 time.

You collected 20 gold pieces.

Inventory:

Hand Weapons
 a - a +1 short sword (weapon)
Armour
 b - a +0 leather armour (worn)
Jewellery
 c - an amulet of the acrobat
Scrolls
 d - a scroll of teleportation {unknown}


   Skills:
 - Level 3.0 Fighting
 + Level 1.9 Short Blades
 - Level 1.7 Armour
 - Level 0.8 Dodging
 - Level 2.4 Invocations


You couldn't memorise any spells.
You didn't know any spells.
Your spell library was empty.

Dungeon Overview and Level Annotations

Branches:
Dungeon (1/15)

Altars:


Message History

No target in view!
A kobold comes into view. It is wielding a +0 whip.
The kobold shouts!
You hear a shout!
A quokka comes into view.
A hobgoblin comes into view.
Found a lumpy cabochon amulet and 32 gold pieces.
There are monsters nearby!
There are monsters nearby!
A rat comes into view.
The rat moves out of view.
A bat comes into view.
The quokka barely misses you. The kobold misses you.
The bat moves out of view.
You closely miss the kobold. The quokka barely misses you.
The kobold hits you with a +0 whip.
You are too injured to fight recklessly!
You are too injured to fight recklessly!
You are too injured to fight recklessly!
You are too injured to fight recklessly!
You are too injured to fight recklessly!
You are too injured to fight recklessly!
You are too injured to fight recklessly!
You are too injured to fight recklessly!
The quokka bites you. The quokka bites you.
You hit the quokka.
The quokka is severely wounded.
The quokka bites you.
You barely miss the quokka.
The quokka is severely wounded.
The quokka bites you.
* * * LOW HITPOINT WARNING * * *
You closely miss the quokka.
The quokka is severely wounded.
The quokka bites you.
* * * LOW HITPOINT WARNING * * *
The quokka bites you.
* * * LOW HITPOINT WARNING * * *
The quokka closely misses you.
The quokka bites you but does no damage.
The quokka bites you.
You die...

"...##.##...#...#
###.##.###.....##
....##...#.....#
..+......##...##
..#.###...#...#
..#....K.g#...#
.#######..#'''#
....>.....#...##########
#######.#...Kg.r@.......
#.################ #.#
#.# #.# #.. ###


You could see a quokka, a hobgoblin and a kobold.

Vanquished Creatures
  A ball python (D:1)
  A rat (D:1)
2 creatures vanquished.

Notes
Turn   | Place    | Note
-------+----------+-------------------------------------------
     0 | Abyss:1  | polve the Demonspawn Abyssal Knight began the quest for the
                  | Orb.
     0 | Abyss:1  | Reached XP level 1. HP: 18/18 MP: 2/2
    98 | Abyss:3  | Noticed a bone dragon
   106 | Abyss:3  | Noticed a raiju
   118 | Abyss:3  | Noticed an ancient zyme
   125 | D:1      | Escaped the Abyss
   394 | D:1      | Slain by a quokka

Illustrated notes

Levels and vault maps discovered:
D:1:      lemuel_arrival_funnel, layout_basic, serial_shops, shop,
          chequers_serial_rivers_micro_b, minmay_tromino_mix6

Action                   || total
-------------------------++-------
Melee: Short sword       ||     7
Armor: Leather armour    ||     2
Dodge: Dodged            ||    11

Table legend: (Time is in decaauts)
 A = Elapsed time spent in this place.
 B = Non-inter-level travel time spent in this place.
 C = Inter-level travel time spent in this place.
 D = Time resting spent in this place.
 E = Time spent auto-exploring this place.
 F = Levels seen in this place.
 G = Mean time per level.
                   A        B        C        D        E       F      G
               +--------+--------+--------+--------+--------+-----+--------+
         Total |    393 |    393 |      0 |      0 |    314 |   4 |   98.2 |
       Dungeon |    268 |    268 |      0 |      0 |    236 |   1 |  268.0 |
         Abyss |    124 |    124 |      0 |      0 |     78 |   3 |   41.3 |
               +--------+--------+--------+--------+--------+-----+--------+

Top non-repeatable levels by time:
     D:1: 268 daAuts
 Abyss:1: 69 daAuts
 Abyss:3: 38 daAuts
 Abyss:2: 16 daAuts
